[Event "*** Titled Tuesday Blitz AM"]
[Site "Chess.com"]
[Date "2020.01.07"]
[Round "9"]
[White "SlavenPastar"]
[Black "dianosky"]
[Result "0-1"]
[WhiteElo "2522"]
[BlackElo "2396"]
[TimeControl "180+2"]
[EndTime "11:06:22 PST"]
[Termination "dianosky won by resignation"]

1. d4 d5 2. c4 dxc4 3. e3 a6 4. Bxc4 Nf6 5. Nf3 b5 6. Be2 Bb7 7. O-O e6 8. a4 b4 9. a5 Nbd7 10. Bd2 c5 11. Qa4 Rb8 12. dxc5 Bxc5 13. Ne5 O-O 14.
Nc6 Bxc6 15. Qxc6 Qe7 16. Qf3 Ne5 17. Qg3 Bd6 18. f4 Ne4 19. Qe1 Nd7 20. Bxa6 Rfd8 21. Be2 Ndc5 22. a6 Nb3 23. Ra2 Qa7 24. Bf3 Nexd2 25.
Nxd2 Nxd2 26. Qxd2 Bxf4 27. Qe2 Bxe3+ 28. Kh1 Rd2 29.
Qc4 b3 30. Ra5 Rxb2 31. Rb5 g6 32. Rb7 Rxb7 33. axb7 Rf2 34. Rxf2 Bxf2 35. Qc8+ Kg7 36. Qc3+ Bd4 37. Qe1 b2 38. Qd1 Be5 39. Be4 Qa1 40. Qb1 f5 41. Bd3 Kf7 42. g4 fxg4 43. Kg2 Qxb1 44.
Bxb1 Ke7 45. Be4 Kd7 46. h3 gxh3+ 47. Kxh3 Kc7 48. Kg4 Bf6 49. Bc2 h5+ 50. Kf4 g5+ 51.
Ke4 g4 52. Kf4 e5+ 53. Kf5 g3 54. Kxf6 g2 0-1

[Event "*** Titled Tuesday Blitz AM"]
[Site "Chess.com"]
[Date "2020.01.07"]
[Round "9"]
[White "David_Paravyan"]
[Black "Genghis_K"]
[Result "0-1"]
[WhiteElo "2872"]
[BlackElo "2903"]
[TimeControl "180+2"]
[EndTime "11:06:26 PST"]
[Termination "Genghis_K won on time"]

1. e4 c6 2. d4 d5 3. Nc3 dxe4 4. Nxe4 Nf6 5. Nxf6+ exf6 6. Bc4 Bd6 7. Qe2+ Be7 8. Nf3 O-O 9. O-O Bg4 10. c3 Nd7 11. h3 Bh5 12. Bf4 Nb6 13. Bb3 Nd5 14. Bxd5 cxd5 15. Rfe1 Bd6 16. Qe3 Bg6 17. Nd2 h6 18. Nb3 b6 19. Re2 a5 20. a3 Bxf4 21.
Qxf4 Qd7 22. Rae1 Rfe8 23. Nc1 Re6 24. Qg4 Rae8 25. Rxe6 Rxe6 26. Rxe6 Qxe6 27. Kf1 h5 28.
Qf4 Qe8 29. Qd2 h4 30. Qe2 Qd7 31. Ke1 Qf5 32. f3 a4 33. Qd2 Qb1 34. Kf2 Bc2 35.
Ne2 Qxb2 36. c4 Qb3 37. c5 Bf5 38. Qc1 b5 39. c6 b4 40. c7 bxa3 41. c8=Q+ Bxc8 42.
Qxc8+ Kh7 43. Qf5+ Kg8 44. Qc8+ Kh7 45. Qf5+ g6 46.
Qxf6 Kg8 47. Nf4 Qc2+ 48. Kg1 Qf5 49. Qd8+ Kg7 50. Qa5 a2 51. Qc3 Qb1+ 0-1

[Event "*** Titled Tuesday Blitz AM"]
[Site "Chess.com"]
[Date "2020.01.07"]
[Round "9"]
[White "Manukyan_Artak"]
[Black "vinniethepooh"]
[Result "1-0"]
[WhiteElo "2470"]
[BlackElo "2586"]
[TimeControl "180+2"]
[EndTime "11:06:36 PST"]
[Termination "Manukyan_Artak won on time"]

1. e4 c5 2. Nf3 Nc6 3. c3 d5 4. exd5 Qxd5 5. d4 e6 6. Be3 Nf6 7. dxc5 Qxd1+ 8. Kxd1 Ng4 9. b4 a5 10. Bb5 axb4 11. cxb4 Bd7 12. Bxc6 Bxc6 13. Nc3 b6 14. a4 g6 15. Kc2 Nxe3+ 16. fxe3 bxc5 17. b5 Bxf3 18. gxf3 Ra5 19. Rac1 Bg7 20. Kb3 Ke7 21. Ne4 Rd8 22. Nxc5 Rd2 23. Rc2 Rd5 24. Kb4 Ra8 25. a5 Bf8 26. Rhc1 Kd6 27. a6 Rc8 28. Nb7+ Kd7+ 29.
Ka4 Rd3 30. Nc5+ Bxc5 31. Rxc5 Ra8 32. R1c3 Rd2 33. Rc7+ Kd6 34. Rc2 Rd1 35. Ka5 Rb8 36.
Rb7 Ra8 37. Kb6 Rb1 38. Rc6+ Ke5 39. Rxf7 Rb8+ 40. Rb7 Rd8 41. Kc7 Ra8 42. a7 Kd5 43.
b6 Rf8 44. Rd6+ Kc5 45. Rd7 Kb5 46. Rb8 Rc1+ 47. Kb7 Rf6 48. Ka8 1-0

[Event "*** Titled Tuesday Blitz AM"]
[Site "Chess.com"]
[Date "2020.01.07"]
[Round "9"]
[White "Flawless_Fighter"]
[Black "econpower"]
[Result "1-0"]
[WhiteElo "2490"]
[BlackElo "2604"]
[TimeControl "180+2"]
[EndTime "11:06:46 PST"]
[Termination "Flawless_Fighter won by resignation"]

1. e4 c5 2. Nf3 d6 3. Bb5+ Nd7 4. Ba4 a6 5. c4 Nf6 6. Nc3 g6 7. O-O Bg7 8. d3 O-O 9. h3 Ne5 10. Nxe5 dxe5 11. Be3 b6 12. a3 e6 13. b4 Qc7 14.
Rb1 Rd8 15. Qe2 Bf8 16. f4 Nh5 17. f5 Ng3 18. Qf2 Nxf1 19. Qxf1 Qd6 20. Bc2 exf5 21.
Nd5 f4 22. bxc5 bxc5 23. Rb6 fxe3 24. Rxd6 Rxd6 25. Nf6+ Kh8 26. Ne8 Kg8 27. Nxd6 Bxd6 28. Qf6 Be6 29. Qf3 Rb8 30. Qxe3 Rb2 31. Qc1 Rb6 32.
Ba4 Kg7 33. Kh2 h5 34. Qd2 Be7 35. Qa5 Rb2 36. Qc3 Ra2 37. Qxe5+ Bf6 38. Qxc5 Bb2 39. d4 Bxa3 40. Qe5+ Kh7 41. Be8 Bb2 42. Qf6 Kg8 43. c5 Bc3 44. c6 Ba5 45. e5 Rd2 46. Qf4 Rc2 47. Qf6 Rd2 48. Qf4 Rc2 49. Qe4 Rc4 50. Bd7 Kg7 51. Bxe6 fxe6 52. Qd3 Rxc6 53. Qa3 Bd8 54.
Qa4 Rb6 55. Qd7+ Kh6 56. Qxd8 Rb4 57. Qh8+ Kg5 58. Qf6+ Kh6 59. Qxe6 Rxd4 60. Qf6 1-0

[Event "*** Titled Tuesday Blitz AM"]
[Site "Chess.com"]
[Date "2020.01.07"]
[Round "9"]
[White "MiroVlasenko"]
[Black "heyiampotato"]
[Result "1-0"]
[WhiteElo "2691"]
[BlackElo "2512"]
[TimeControl "180+2"]
[EndTime "11:06:48 PST"]
[Termination "MiroVlasenko won by checkmate"]

1. d4 Nf6 2. Bg5 e6 3. e4 h6 4. Bxf6 Qxf6 5. Nc3 d6 6. Qd2 c6 7. f4 e5 8. dxe5 dxe5 9. f5 Nd7 10. Nf3 Bb4 11. a3 Ba5 12. g4 Qe7 13. h4 Nf6 14. b4 Bb6 15. g5 hxg5 16. Nxg5 a5 17. Na4 Bc7 18. b5 Bd7 19. Bc4 Rf8 20. b6 Bd6 21.
Rh3 Nh5 22. Rd3 Bb8 23. Rxd7 Qxd7 24. Qxd7+ Kxd7 25. Bxf7 Nf4 26. Nc5+ Ke7 27. Bc4 Bd6 28. Nxb7 Rfb8 29. Nxd6 Kxd6 30. Rb1 Kc5 31. Bb3 Rxb6 32. a4 Rb4 33. Rd1 Rh8 34. Rd7 Rxh4 35. Rxg7 Rh1+ 36. Kf2 Rh2+ 37. Kf3 Rd4 38. f6 Rdd2 39. Kg4 Rhg2+ 40. Kf5 Nh5 41. Rg6 Rdf2+ 42. Kxe5 Rg3 43. f7 Rgg2 44. Ne6+ Kb4 45. Rxg2 Rxf7 46. Nd4 Re7+ 47. Kf5 Kc3 48. Nxc6 Rc7 49. Ne5 Ng7+ 50. Kf6 Ne8+ 51. Ke6 Ng7+ 52.
Kd5 Kb4 53. Rg3 Nh5 54. Rf3 Ng7 55. Nc6+ Ka3 56. e5 Nh5 57. Nxa5 Kb4 58. Nc6+ Ka3 59.
a5 Nf4+ 60. Rxf4 Rd7+ 61. Kc5 Kb2 62. a6 Kc3 63. e6 Rc7 64. e7 Kd2 65. e8=Q Rxc6+ 66. Kxc6 Kc1 67. Qe5 Kd2 68. Qd4+ Kc1 69. Rf1# 1-0

[Event "*** Titled Tuesday Blitz AM"]
[Site "Chess.com"]
[Date "2020.01.07"]
[Round "9"]
[White "Vugar_Manafov"]
[Black "mazetofonias"]
[Result "1-0"]
[WhiteElo "2587"]
[BlackElo "2685"]
[TimeControl "180+2"]
[EndTime "11:06:52 PST"]
[Termination "Vugar_Manafov won by resignation"]

1. Nf3 Nf6 2. g3 d5 3. Bg2 c6 4. O-O Bg4 5. d3 Nbd7 6. Nbd2 e5 7. e4 dxe4 8. dxe4 Be7 9. h3 Bh5 10. Qe1 O-O 11. Nh4 Re8 12. Nf5 Bf8 13. Nc4 Qc7 14. Bg5 h6 15. Bd2 Nc5 16. b4 Ne6 17. c3 Rad8 18.
a4 b6 19. Be3 Bg6 20. Rd1 Bxf5 21. exf5 Nd4 22. cxd4 exd4 23. Bf4 Qd7 24. Qd2 Qxf5 25. Rfe1 Rxe1+ 26. Rxe1 c5 27. bxc5 Bxc5 28. g4 Qd7 29.
Ne5 Qxa4 30. Nd3 Bf8 31. g5 hxg5 32. Bxg5 Rd6 33. Bf4 Rd8 34. Be5 Be7 35. Rc1 Nd7 36.
Bc7 Rf8 37. Bc6 Qb3 38. Bxd7 Qd5 39. Bc6 Qf5 40. Bg3 Qxh3 41. Bg2 Qd7 42. Rc7 Qe6 43.
Rxa7 Bf6 44. Ra1 Rc8 45. Re1 Qf5 46. Bb7 Rd8 47. Be4 Qh5 48. Qe2 Qg5 49. Rc1 b5 50. Rc7 b4 51. Nxb4 Rf8 52. Nd3 Qa5 53. Qf3 Re8 54. Bd5 Rf8 55. Qf5 Qb6 56. Kg2 g6 57. Qxg6+ 1-0

[Event "*** Titled Tuesday Blitz AM"]
[Site "Chess.com"]
[Date "2020.01.07"]
[Round "9"]
[White "Kirill_Kopenkin"]
[Black "lucasran"]
[Result "1-0"]
[WhiteElo "2497"]
[BlackElo "2669"]
[TimeControl "180+2"]
[EndTime "11:06:55 PST"]
[Termination "Kirill_Kopenkin won by resignation"]

1. e4 c6 2. d4 d5 3. Nc3 dxe4 4. Nxe4 Bf5 5. Ng3 Bg6 6. h4 h6 7. h5 Bh7 8. Nf3 Nd7 9. Bd3 Bxd3 10. Qxd3 e6 11.
Bd2 Ngf6 12. O-O-O a5 13. Kb1 Bb4 14. c3 Be7 15. Ne4 Nxe4 16. Qxe4 Nf6 17. Qe2 a4 18. Ne5 Qd5 19. f3 b5 20. g4 Rd8 21. Bc1 Nd7 22. f4 Nxe5 23. dxe5 Qc5 24. Be3 Qc4 25. Qxc4 bxc4 26.
Rxd8+ Bxd8 27. Bc5 Be7 28. Bxe7 Kxe7 29. Rd1 Rb8 30. Kc2 Rb5 31. Rd4 Rc5 32. b4 axb3+ 33.
axb3 cxb3+ 34. Kxb3 f6 35. exf6+ gxf6 36. c4 Ra5 37. Kb4 Ra2 38. Kc5 Rg2 39. Kxc6 Rxg4 40. c5 e5 41. Rd7+ Ke6 42. fxe5 fxe5 43. Rd6+ Kf5 44.
Rxh6 e4 45. Rh8 e3 46. Kd5 Kf4 47. Rf8+ Kg3 48. Re8 Kf2 49. h6 Rg5+ 50. Kd4 Rh5 51. Rxe3 Rh4+ 52. Re4 Rxh6 53. Kc4 Kf3 54. Re8 Rh1 55.
Kb5 Rb1+ 56. Ka6 Ra1+ 57. Kb7 Rb1+ 58. Kc7 Kf4 59. c6 Kf5 60. Kc8 Kf6 61. c7 Kf7 62.
Re4 Rc1 63. Kd7 Rd1+ 64. Kc6 Rc1+ 65. Kd6 Rd1+ 66. Kc5 Rc1+ 67. Rc4 1-0

[Event "*** Titled Tuesday Blitz AM"]
[Site "Chess.com"]
[Date "2020.01.07"]
[Round "9"]
[White "VeraNebolsina"]
[Black "Chesswizard_2007"]
[Result "1-0"]
[WhiteElo "2355"]
[BlackElo "2476"]
[TimeControl "180+2"]
[EndTime "11:06:55 PST"]
[Termination "VeraNebolsina won by checkmate"]

1. e4 Nc6 2. d4 e5 3. d5 Nce7 4. f4 exf4 5. Bxf4 Ng6 6. Bg3 Bd6 7. Bxd6 cxd6 8. Nf3 Nf6 9. Bd3 O-O 10. O-O Ng4 11. Qe2 N6e5 12. Nbd2 Qe7 13. h3 Nxf3+ 14. Nxf3 Ne5 15.
Nd4 g6 16. Rae1 b6 17. Qe3 Bb7 18. Qh6 Rfe8 19. Rf4 Qf8 20. Qh4 Qg7 21. Qf2 a6 22. Rf1 b5 23. Rf6 Qf8 24. Nf3 Nxf3+ 25. Qxf3 Re7 26. h4 Qg7 27. Qg3 Rae8 28. Qxd6 Qh6 29.
Qb6 Bc8 30. d6 Re5 31. Rxf7 Qxh4 32. Qd4 Bb7 33. a4 Bxe4 34. Bxe4 Qxe4 35. Qxe4 Rxe4 36.
axb5 axb5 37. Rxd7 Re2 38. Rff7 Rxc2 39. Rg7+ Kh8 40.
Rxh7+ Kg8 41. Rdg7+ Kf8 42. Rb7 Re1+ 43. Kh2 Kg8 44.
Rhg7+ Kh8 45. Rge7 Rxe7 46. dxe7 Rc8 47. Rd7 Re8 48. Rd8 Kg8 49. Rxe8+ Kf7 50. Rb8 Kxe7 51. Rxb5 Kf6 52. Rc5 Kg7 53. b4 Kf6 54. b5 Kg7 55. b6 Kh6 56. b7 g5 57. b8=Q g4 58. Qd6+ Kg7 59. Rc7+ Kg8 60. Qd8# 1-0

[Event "*** Titled Tuesday Blitz AM"]
[Site "Chess.com"]
[Date "2020.01.07"]
[Round "9"]
[White "Mikhail_Golubev"]
[Black "attack2mateU"]
[Result "1-0"]
[WhiteElo "2596"]
[BlackElo "2708"]
[TimeControl "180+2"]
[EndTime "11:06:58 PST"]
[Termination "Mikhail_Golubev won by resignation"]

1. e4 c5 2. Nf3 d6 3. d4 cxd4 4.
Nxd4 Nf6 5. Nc3 a6 6. Bc4 e6 7.
O-O b5 8. Bb3 Be7 9. f4 O-O 10.
e5 dxe5 11. fxe5 Bc5 12. Be3 Nc6 13. Nxc6 Bxe3+ 14. Kh1 Qc7 15. exf6 Qxc6 16. Nd5 Bc5 17. fxg7 Kxg7 18. Qg4+ Kh8 19. Nf6 Bb7 20. Qh3 Qxg2+ 21.
Qxg2 Bxg2+ 22. Kxg2 Rad8 23. Ne4 Bd4 24. c3 Be5 25. Rad1 Kg7 26. Rxd8 Rxd8 27. Rd1 Rxd1 28. Bxd1 a5 29. a3 f5 30. Nc5 b4 31. axb4 axb4 32. cxb4 Bxb2 33. Nxe6+ Kf6 34. Bb3 Bc3 35. b5 Ba5 36. Kf3 Ke5 37. h3 h6 38. Nf4 Bd2 39. Nd5 Kd6 40. Ne3 Kc5 41. Bc4 f4 42. Nf1 Bc1 43.
Bd3 Kb6 44. Ke2 Kc5 45. Nd2 Bb2 46. Nb3+ Kb6 47. Nd2 Kc5 48. Kf3 Kd4 49. Be2 Ba3 50. b6 Bd6 51. b7 Bb8 52. Ne4 Kd5 53. Bb5 Bc7 54. Bd7 Bb8 55. Bc8 Bc7 56. Nf6+ Kc6 57.
Nd7 Kd6 58. b8=Q Bxb8 59. Nxb8 Kc7 60. Na6+ Kxc8 61. Nc5 1-0

[Event "*** Titled Tuesday Blitz AM"]
[Site "Chess.com"]
[Date "2020.01.07"]
[Round "9"]
[White "IMUltimateBeast"]
[Black "Anton_Demchenko"]
[Result "0-1"]
[WhiteElo "2624"]
[BlackElo "2962"]
[TimeControl "180+2"]
[EndTime "11:07:08 PST"]
[Termination "Anton_Demchenko won by resignation"]

1. d4 Nf6 2. Bf4 g6 3. e3 Bg7 4. h3 O-O 5. Nf3 d6 6. Be2 b6 7. O-O Bb7 8. c4 Nbd7 9. Nc3 Ne4 10. Nxe4 Bxe4 11. Nd2 Bb7 12. Bf3 Qc8 13. Bg5 Re8 14.
Re1 c5 15. Bxb7 Qxb7 16. Qf3 Qxf3 17. Nxf3 Rab8 18. a4 a6 19. Bh4 h6 20. Bg3 Rec8 21.
b3 f5 22. Ra2 Kf7 23. h4 Nf6 24. Nd2 Nh5 25. d5 g5 26. Bh2 Rg8 27. Kf1 Bc3 28. Rc2 Bxd2 29. Rxd2 gxh4 30. e4 Nf6 31. exf5 Rg5 32.
Re6 Rxf5 33. Rde2 Rb7 34. Kg1 b5 35. axb5 axb5 36. f3 h3 37. f4 hxg2 38. Kxg2 h5 39.
Bg3 Ng8 40. Kf3 bxc4 41. bxc4 Rb3+ 42. R6e3 Rb4 43. Rc3 Nf6 44. Bh2 Ng4 45. Bg3 Rb1 46.
Kg2 Rb4 47. Kf3 Nf6 48. Kg2 h4 49. Bxh4 Rxf4 50. Bxf6 Rxf6 51. Rf2 Rxf2+ 52. Kxf2 Kf6 53. Kf3 Ke5 54. Ke3 Ra4 55. Kd3 Ra1 56. Ke2 Kd4 57. Rc2 Ra3 58. Kd2 Rd3+ 59. Ke2 Rc3 0-1

[Event "*** Titled Tuesday Blitz AM"]
[Site "Chess.com"]
[Date "2020.01.07"]
[Round "9"]
[White "viktorskliarov"]
[Black "yy2324"]
[Result "1-0"]
[WhiteElo "2568"]
[BlackElo "2417"]
[TimeControl "180+2"]
[EndTime "11:07:08 PST"]
[Termination "viktorskliarov won by resignation"]

1. e4 c5 2. Nf3 e6 3. c3 Nf6 4. Bd3 d5 5. e5 Nfd7 6. Bc2 Nc6 7. d4 Be7 8. O-O b6 9. a3 c4 10. Re1 b5 11. Nbd2 a5 12. Nf1 Nb6 13. Ng3 O-O 14. h4 Bxh4 15. Nxh4 Qxh4 16. Nh5 f5 17. exf6 g6 18.
Nf4 Qxf6 19. Qe2 Bd7 20. Nh3 Rae8 21. Bg5 Qf7 22. Bh6 e5 23. Bxf8 exd4 24. Qxe8 Bxe8 25. Bc5 Nd7 26. Ng5 Qf6 27. Rxe8+ Kg7 28. Ne6+ Kf7 29. Nd8+ Kxe8 30. Nxc6 Nxc5 31. Nxd4 b4 32. axb4 axb4 33. Ra8+ Kf7 34. Ra7+ Kg8 35. Ra5 b3 36. Bd1 Nd3 37. Bf3 Kg7 38. Ra7+ Kh6 39. Rb7 Nxb2 40. Bxd5 Qe5 41. Bg8 Qe1+ 42. Kh2 Qxc3 43. Nf3 Qg7 44. Rxg7 Kxg7 45. Bd5 Kf6 46. Nd2 Ke5 47. Nxc4+ Nxc4 48. Bxc4 b2 49. Ba2 Kd4 50. Kg3 Ke4 51.
Kg4 Ke5 52. Kg5 Ke4 53. Bb1+ Kd4 54. Kh6 1-0

[Event "*** Titled Tuesday Blitz AM"]
[Site "Chess.com"]
[Date "2020.01.07"]
[Round "9"]
[White "MathiasWomacka"]
[Black "kkpanu9"]
[Result "1-0"]
[WhiteElo "2332"]
[BlackElo "2110"]
[TimeControl "180+2"]
[EndTime "11:07:13 PST"]
[Termination "MathiasWomacka won by resignation"]

1. e4 c5 2. Nf3 d6 3. d4 cxd4 4.
Nxd4 Nf6 5. Nc3 g6 6. Be3 Bg7 7. f3 O-O 8. Qd2 Nc6 9. O-O-O d5 10. exd5 Nxd5 11. Nxc6 bxc6 12. Bd4 Bxd4 13. Qxd4 Qb6 14. Na4 Qa5 15. b3 Re8 16. Bc4 e5 17. Qc5 Qxc5 18. Nxc5 Ne3 19. Rd6 Nxc4 20. bxc4 Be6 21. Nxe6 Rxe6 22.
Rxe6 fxe6 23. Re1 Kf7 24. Rxe5 Kf6 25. Ra5 Ke7 26. Kd2 Kd6 27. Ke3 h6 28. h4 Ke7 29.
g4 Kd6 30. a4 Kc7 31. f4 Kd6 32. h5 Rg8 33. hxg6 Rxg6 34. Kf3 Rg7 35. Kg3 Rb7 36. Rh5 Rb4 37. c5+ Ke7 38. Rxh6 Rxa4 39. g5 Rc4 40. Rh7+ Kf8 41. Rxa7 Rxc5 42. Kg4 Rxc2 43. Kh5 Rf2 44. Rc7 Rxf4 45. Rxc6 Ke7 46. Kh6 Kd7 47. Ra6 e5 48. g6 Rh4+ 49. Kg5 Rh1 50. g7 Ke7 51.
Rg6 Rg1+ 52. Kf5 Rf1+ 53. Ke4 Re1+ 54. Kd3 e4+ 55. Kd2 Ra1 56. g8=Q Ra2+ 57. Ke3 Ra3+ 58. Kxe4 Ra4+ 59. Kd3 Ra3+ 60. Kc4 Ra4+ 61. Kb5 Ra5+ 62.
Kxa5 Kd7 63. Qf7+ 1-0

[Event "*** Titled Tuesday Blitz AM"]
[Site "Chess.com"]
[Date "2020.01.07"]
[Round "9"]
[White "korbul"]
[Black "enriquetejedor"]
[Result "1-0"]
[WhiteElo "2634"]
[BlackElo "2467"]
[TimeControl "180+2"]
[EndTime "11:07:15 PST"]
[Termination "korbul won by resignation"]

1. d4 Nf6 2. Nf3 e6 3. c4 b6 4. g3 Bb4+ 5. Nbd2 Bb7 6. Bg2 O-O 7. O-O c5 8. a3 Bxd2 9. Qxd2 Nc6 10. dxc5 bxc5 11.
b3 Na5 12. Qe3 d5 13. cxd5 Nxd5 14. Qd3 Qb6 15. Bd2 Ba6 16. Bxa5 Qxa5 17. Qc2 Rfc8 18. Ng5 g6 19. Rfc1 Rab8 20. Ne4 c4 21. b4 Qb6 22.
Nc5 Rxc5 23. bxc5 Qxc5 24. Rab1 Rxb1 25. Rxb1 Qxa3 26. h4 c3 27. Rb8+ Kg7 28. Qe4 Nf6 29. Qc2 Bc4 30. Rc8 Qb2 31. Qxb2 cxb2 32. Rb8 Bxe2 33. Rxb2 Bc4 34. Rc2 Bd3 35. Ra2 a6 36. Bf1 Bxf1 37. Kxf1 h5 38. Rxa6 Ng4 39. f3 Ne3+ 40. Ke2 Nf5 41. Kf2 Kg8 42. Kg2 Kg7 43. Kh3 Kf6 44. g4 Ng7 45. Ra7 e5 46. Kg3 e4 47. fxe4 hxg4 48. Kxg4 Ne6 49. Ra5 Kg7 50. e5 Nd4 51. Kf4 Ne6+ 52. Ke4 g5 53. hxg5 Nxg5+ 54. Kf5 Ne6 55. Rd5 Nf8 56. Rd6 Ng6 57. Rd7 Nf8 58. Ra7 Ne6 59. Ke4 Kg6 60. Kd5 Ng5 61.
Ra6+ Kg7 62. Rf6 Nh7 63. Rf1 Ng5 64. Kd6 Kh6 65. Ke7 Kg6 66. Rg1 Kf5 67. Rxg5+ Kxg5 68. Kxf7 Kf5 69. e6 1-0

[Event "*** Titled Tuesday Blitz AM"]
[Site "Chess.com"]
[Date "2020.01.07"]
[Round "9"]
[White "MFBerna"]
[Black "vova-79"]
[Result "1-0"]
[WhiteElo "2481"]
[BlackElo "2590"]
[TimeControl "180+2"]
[EndTime "11:07:16 PST"]
[Termination "MFBerna won on time"]

1. d4 d5 2. Nf3 Nf6 3. g3 c6 4. Bg2 Bg4 5. Ne5 Bh5 6. O-O Nbd7 7. Bf4 e6 8. Nd2 Nxe5 9. dxe5 Nd7 10. Nf3 Bxf3 11.
exf3 g6 12. Re1 Bg7 13. h4 O-O 14. Qe2 Qb6 15. c3 a5 16. h5 a4 17. hxg6 hxg6 18. Bh3 Qa6 19. Qc2 Qb6 20. Kg2 c5 21. Re2 d4 22.
Rh1 Rfd8 23. Qe4 Qc6 24. cxd4 cxd4 25. Rc1 Qxe4 26. Rxe4 Nb6 27. Kg1 Ra5 28. Bf1 Bf8 29. Bd3 Rc5 30. Rd1 Be7 31. Bd2 Rc6 32. Bb5 Rc5 33. Bd3 Rc6 34. Kg2 Rd5 35. Ree1 Nc4 36. Be4 Nxd2 37. Bxd5 exd5 38. Rxd2 Bb4 39. Red1 Bxd2 40.
Rxd2 d3 41. Rxd3 Rc2 42. Rxd5 Rxb2 43. a3 Rb3 44. Rd7 b5 45. Rb7 Rxa3 46. Rxb5 Ra1 47. Ra5 a3 48. f4 Kf8 49. Ra7 a2 50. g4 Ke8 51. Kf3 Kf8 52. f5 gxf5 53. gxf5 Re1 54. Rxa2 Rxe5 55. Kf4 Rb5 56. f6 Kg8 57. Ra7 Rb4+ 58.
Kg5 1-0

[Event "*** Titled Tuesday Blitz AM"]
[Site "Chess.com"]
[Date "2020.01.07"]
[Round "9"]
[White "Borsuk_Konstantin"]
[Black "ChessFunMaker"]
[Result "0-1"]
[WhiteElo "2484"]
[BlackElo "2364"]
[TimeControl "180+2"]
[EndTime "11:07:24 PST"]
[Termination "ChessFunMaker won by resignation"]

1. d4 Nf6 2. c4 g6 3. Nc3 Bg7 4. e4 O-O 5. f3 c6 6. Nge2 d5 7.
cxd5 cxd5 8. e5 Ne8 9. Nf4 Nc7 10. h4 f6 11. exf6 Bxf6 12. h5 g5 13. Nh3 h6 14. Qd3 Bg7 15. g4 Ne6 16. f4 gxf4 17.
Bg2 Nxd4 18. Bxd5+ e6 19. Be4 e5 20. g5 Bxh3 21. Qxh3 Qxg5 22. Bd2 Qg3+ 23. Qxg3 fxg3 24.
Rg1 Nf3+ 25. Ke2 Nxg1+ 26. Rxg1 Nc6 27. Rxg3 Nd4+ 28. Kd3 Rad8 29. Nd5 Kh8 30. Bb4 Rf2 31.
Bc3 Nf5 32. Bxf5 Rxf5 33. Ke4 Rxh5 34. Rg4 Rg5 35. Rh4 Rg1 36. a4 Rg2 37. Ne3 Re2 38. a5 Rf8 39. Rh3 Rf4+ 40. Kd3 Ref2 41. Nd5 R4f3+ 42. Rxf3 Rxf3+ 43. Ke4 Rf1 44. Ne7 h5 45. b4 Kh7 46. b5 Rb1 47. a6 Rxb5 48. axb7 Rxb7 49. Nf5 Rb3 50. Bd2 Kg6 51. Ne7+ Kf7 52. Nf5 Rb2 53. Bc3 Rb3 54. Bd2 Rb2 55. Bc1 Rc2 56.
Be3 a5 57. Kd3 Rc6 58. Ke4 a4 59. Kd5 Rc2 60. Bc5 Rxc5+ 61. Kxc5 a3 0-1

[Event "*** Titled Tuesday Blitz AM"]
[Site "Chess.com"]
[Date "2020.01.07"]
[Round "9"]
[White "Andrii_Prydun"]
[Black "PIwan"]
[Result "1/2-1/2"]
[WhiteElo "2361"]
[BlackElo "2504"]
[TimeControl "180+2"]
[EndTime "11:07:31 PST"]
[Termination "Game drawn - insufficient material"]

1. d4 d5 2. c4 dxc4 3. Nf3 Nf6 4. e3 b5 5. a4 b4 6. Bxc4 e6 7. O-O Bb7 8. a5 a6 9. Bd2 c5 10. dxc5 Bxc5 11. Qa4+ Nc6 12. Ne5 Qc7 13. Nd3 Bd6 14. Bxb4 Bxb4 15. Nxb4 Ng4 16. g3 O-O 17. Nxa6 Qe5 18.
Bd3 Qh5 19. h4 Nce5 20. Nc5 Nf3+ 21. Kh1 Qxc5 22. Be4 Bxe4 23. Qxe4 Nge5 24. Nc3 Rxa5 25. b4 Rxa1 26. bxc5 Rxf1+ 27. Kg2 Rg1+ 28. Kh3 Rc8 29.
Qb7 Rf8 30. c6 h5 31. c7 Ng4 32. Qxf3 Rc1 33. Nb5 Rh1+ 34. Qxh1 Nxf2+ 35. Kg2 Nxh1 36. Na7 Nxg3 37. Kxg3 f6 38. c8=Q Rxc8 39. Nxc8 Kf7 40. Nd6+ Ke7 41. Ne4 Kf7 42. Kf4 e5+ 43. Kf3 Ke6 44.
Nc5+ Kf5 45. e4+ Kg6 46. Nd7 Kf7 47. Kg3 Ke6 48. Nc5+ Kd6 49. Nd3 g6 50. Kf3 f5 51.
Nf2 Ke6 52. Nh3 Kf6 53. Ng5 Ke7 54. Ke3 Kd6 55. Kd3 Ke7 56. Kc4 fxe4 57. Nxe4 Ke6 58. Kd3 Kf5 59. Nd6+ Kg4 60. Ke4 Kxh4 61. Kxe5 Kg3 62. Ne4+ Kg2 63. Kf4 h4 64. Ng5 h3 65.
Nxh3 Kxh3 66. Kg5 Kg3 67. Kxg6 1/2-1/2

[Event "*** Titled Tuesday Blitz AM"]
[Site "Chess.com"]
[Date "2020.01.07"]
[Round "9"]
[White "TigrVShlyape"]
[Black "AdrianPetrisor1992"]
[Result "0-1"]
[WhiteElo "2814"]
[BlackElo "2662"]
[TimeControl "180+2"]
[EndTime "11:07:42 PST"]
[Termination "AdrianPetrisor1992 won by resignation"]

1. d4 Nf6 2. Nf3 g6 3. Bf4 Bg7 4. c3 O-O 5. Nbd2 d6 6. h3 c5 7. dxc5 dxc5 8. e4 Nc6 9. Be2 b6 10. e5 Nd5 11. Bh2 Bb7 12. Qa4 Qd7 13. Qh4 h6 14.
Ne4 Qf5 15. Bd3 Qe6 16. Neg5 Qd7 17. O-O-O e6 18. Ne4 Qe7 19. Nd6 Qxh4 20. Nxh4 Rab8 21. Nxb7 Rxb7 22. Rhe1 b5 23. f4 b4 24. c4 Nde7 25.
Be4 Rc7 26. Nf3 b3 27. axb3 Rb8 28. Rd3 Nb4 29. Rd6 Nf5 30. Bxf5 gxf5 31. Bg1 Bf8 32. Rd2 Rcb7 33. Red1 Nc6 34. Rd3 Rxb3 35. Rxb3 Rxb3 36.
Kc2 Rb4 37. b3 a5 38. Ra1 Rb8 39. Be3 Be7 40. Bd2 Bd8 41. Bc3 Bc7 42. Rd1 Kf8 43. Rd7 Rc8 44. g4 Ke8 45. Rd2 fxg4 46. hxg4 Ke7 47.
Rh2 Rg8 48. Rh4 Nb4+ 49. Bxb4 axb4 50. Nd2 Kd7 51. Ne4 Kc6 52. Nf6 Ra8 53. Rxh6 Ra2+ 54. Kb1 Rf2 55. Nh5 Rg2 56. Rh7 Rxg4 57. Rxf7 Rg1+ 58. Kc2 Rg2+ 59. Kd3 Rb2 60. Ng7 Rxb3+ 61. Ke4 Rc3 62. Nxe6 Rxc4+ 63. Kd3 Rc3+ 64. Kd2 Ba5 65. Ra7 Kb6 66. Ra8 b3 67. Rxa5 Rc2+ 68. Kd1 Kxa5 69. f5 Rf2 70. Kc1 Kb4 71. f6 Kc3 0-1

[Event "*** Titled Tuesday Blitz AM"]
[Site "Chess.com"]
[Date "2020.01.07"]
[Round "9"]
[White "AminMolaei"]
[Black "StephenDedalus83"]
[Result "0-1"]
[WhiteElo "2572"]
[BlackElo "2707"]
[TimeControl "180+2"]
[EndTime "11:07:43 PST"]
[Termination "StephenDedalus83 won by resignation"]

1. d4 g6 2. Nf3 Bg7 3. g3 d6 4. Bg2 Nd7 5. O-O e5 6. e4 Ngf6 7. dxe5 dxe5 8. Qe2 O-O 9. b3 Re8 10. Ba3 Bf8 11. Rd1 Bxa3 12. Nxa3 Qe7 13. Nc4 b6 14. a4 a5 15. Nfd2 Bb7 16. f3 Nc5 17. Nf1 Nfd7 18. Nfe3 Nf8 19. Rd2 Rad8 20. Rad1 Rxd2 21. Rxd2 f6 22. Nd5 Qf7 23. Qd1 Nfe6 24. c3 Rd8 25. b4 axb4 26. cxb4 Na6 27. b5 Nac5 28. a5 bxa5 29. Nxa5 Ba8 30. Nb3 Nxb3 31. Qxb3 Kg7 32. b6 c6 33. Ra2 cxd5 34. Ra7 Bb7 35.
exd5 Nd4 36. Qc4 Rd7 37. f4 Nf5 38. fxe5 fxe5 39. Qc3 Qf6 40. Qc6 Bxc6 41. dxc6 Rxa7 42. bxa7 Qd8 43. c7 Qd4+ 44. Kf1 Ne3+ 45. Ke2 Qxa7 46. c8=Q Nxg2 47. Kf3 Ne3 48. Qc3 Nf5 49. Qxe5+ Kf7 50.
Qd5+ Kf6 51. Qc6+ Kg7 52. Qc3+ Qd4 53. Qc7+ Kh6 54. Qc1+ g5 55. Qc6+ Qd6 56. Qe4 Qf6 57. Kg4 Ng7 58. h4 Qe6+ 59. Qxe6+ Nxe6 60. hxg5+ Nxg5 61. Kf5 Nf3 62. Kg4 Nd4 63. Kh4 Kg6 64. Kg4 Nf5 65.
Kf4 h6 66. Kg4 h5+ 67. Kf4 Nh6 68. Kf3 Kg5 69. Kf2 Kg4 70. Kg2 Nf5 0-1

[Event "*** Titled Tuesday Blitz AM"]
[Site "Chess.com"]
[Date "2020.01.07"]
[Round "9"]
[White "Duhless"]
[Black "GeorgMeier"]
[Result "1-0"]
[WhiteElo "3112"]
[BlackElo "2965"]
[TimeControl "180+2"]
[EndTime "11:07:45 PST"]
[Termination "Duhless won by resignation"]

1. d4 e6 2. Nf3 Nf6 3. Bg5 d5 4.
Nbd2 Nbd7 5. e3 c5 6. c3 Qc7 7. Bd3 h6 8. Bh4 Bd6 9. O-O b6 10. e4 dxe4 11. Nxe4 Bb7 12. Nxd6+ Qxd6 13. Bg3 Qc6 14. Re1 O-O 15. Bf1 Rfd8 16. Qb3 a6 17. a4 Rac8 18. Rad1 c4 19. Qa3 b5 20. Bh4 Re8 21.
Bxf6 Nxf6 22. Ne5 Qb6 23. Ra1 Bd5 24. axb5 axb5 25. Qa7 Qxa7 26. Rxa7 Rf8 27. Rea1 Rb8 28. f3 b4 29. Rc1 bxc3 30. bxc3 Rbc8 31. h4 Nh5 32.
Kf2 Nf4 33. g3 Ng6 34. Nd7 Rfd8 35. Nb6 Rb8 36. Nxc4 Kf8 37. Ne3 Ne7 38. Rc2 Bc6 39. Be2 Bb5 40. Rb2 Bxe2 41. Rxb8 Rxb8 42. Kxe2 f6 43. c4 Nc6 44. Ra6 Nxd4+ 45. Kd3 Rd8 46. Ke4 g5 47. Rb6 Kf7 48. hxg5 hxg5 49. g4 Ne2 50. Nc2 Rd2 51. Nb4 Nc3+ 52. Ke3 Rd1 53. Rb7+ Kg6 54. Nc6 Rf1 55. Ne7+ Kh6 56. c5 Ra1 57. c6 Nd5+ 58. Nxd5 exd5 59. Kd4 Rd1+ 60. Kc5 d4 61. c7 d3 62. Kd4 Rc1 63. Kxd3 Kg6 64.
Kd4 f5 65. Ke5 fxg4 66. fxg4 Re1+ 67. Kd6 Rd1+ 68. Ke7 Re1+ 69. Kd8 1-0